 Dungeon Crawl Stone Soup version 0.26-a0-660-gc07710193c (webtiles) character file.

Game seed: 11226270114283353390

266 halkony2012 the Cudgeler (level 6, 53/53 HPs)
             Began as a Minotaur Berserker on Oct 6, 2020.
             Was a Believer of Trog.
             Quit the game on level 3 of the Dungeon.
             The game lasted 00:09:53 (3494 turns).

halkony2012 the Cudgeler (Minotaur Berserker)       Turns: 3494, Time: 00:09:53

Health: 53/53      AC:  9    Str: 22    XL:     6   Next: 0%
Magic:  5/5        EV: 11    Int:  1    God:    Trog [**....]
Gold:   187        SH:  0    Dex: 10    Spells: 5/5 levels left

rFire    . . .     SeeInvis .   a - +0 mace
rCold    . . .     Faith    .   (no shield)
rNeg     . . .     Spirit   .   v - +0 ring mail {MR+}
rPois    .         Reflect  .   (helmet restricted)
rElec    .         Harm     .   (no cloak)
rCorr    .         Rampage  .   (no gloves)
MR       +....                  (no boots)
Stlth    ..........             (no amulet)
HPRegen  0.17/turn              e - +4 ring of protection
MPRegen  0.09/turn              o - -4 ring of intelligence (curse)

@: slowed, lost intelligence, very slow
A: retaliatory headbutt, horns 2
a: Berserk, Trog's Hand, Renounce Religion


You were on level 3 of the Dungeon.
You worshipped Trog.
Trog was pleased with you.
You visited 1 branch of the dungeon, and saw 3 of its levels.

You collected 187 gold pieces.

Inventory:

Hand Weapons
 a - a +0 mace (weapon)
Armour
 b - a +0 animal skin
 p - a +0 ring mail
 r - a +0 plate armour
 v - a +0 ring mail of magic resistance (worn)
Jewellery
 e - a +4 ring of protection (left hand)
 o - a cursed -4 ring of intelligence (right hand)
Wands
 w - a wand of iceblast (4)
Scrolls
 c - 3 scrolls of enchant weapon {unknown}
 d - 2 scrolls of remove curse {unknown}
 g - 4 scrolls of identify {unknown}
 h - a scroll of enchant armour {unknown}
 j - a scroll of random uselessness {unknown}
 k - a scroll of magic mapping {unknown}
 l - a scroll of fear {unknown}
 s - 5 scrolls of teleportation {unknown}
 t - a scroll of fog {unknown}
Potions
 f - 3 potions of stabbing {unknown}
 i - a potion of brilliance {unknown}
 m - 3 potions of curing {unknown}
 n - a potion of might {unknown}
 q - a potion of heal wounds {unknown}
 u - 2 potions of degeneration {unknown}
 x - a potion of lignification {unknown}


   Skills:
 - Level 4.3 Fighting
 * Level 7.5 Maces & Flails
 - Level 2.6 Armour
 - Level 2.4 Dodging


You had 5 spell levels left.
You didn't know any spells.
Your spell library was empty.

Dungeon Overview and Level Annotations

Branches:
Dungeon (3/15)

Altars:
Elyvilon


Innate Abilities, Weirdness & Mutations

You reflexively headbutt those who attack you in melee.
You have a pair of horns on your head.


Message History

No target in view!
h - a scroll labeled HIUTOIZ TADOCU
Things that are here:
a +0 club; a goblin corpse
Found 14 arrows.
An orc comes into view. It is wielding a +0 short sword.
The orc shouts!
You sock the orc!
You kill the orc!
Trog accepts your kill.
You have reached level 6!
Your experience leads to an increase in your attributes!
Your base attributes are Str 22, Int 4, Dex 10.
Increase (S)trength, (I)ntelligence, or (D)exterity?
You feel clever.
You almost manage to decipher the scroll, but fail in this attempt.
Unknown command.
Unknown command.
Unknown command.
Are you sure you want to abandon this character and quit the game? (Confirm with "yes".)

#.##.# #.#
#.##.# #.#
..##.# #.####
####.# #.....
####.#
######.....
..#.#
#..........
#.#.#
#.#########
.##.##.#.#
#.#
......)@.#
#.# #
.##.##.###
#.# # #. #.#
# ..#######.#
#
(..........#
#
###.######..#
##### .. #..#
#.... ## #..#
#.### #..#
#.#


There were no monsters in sight!

Vanquished Creatures
  2 orc priests (D:3)
  2 orc wizards (D:3)
  An iguana (D:2)
  2 adders (D:2)
  A gnoll (D:1)
  An ooze (D:2)
  2 worms
  3 leopard geckos
  11 orcs
  10 bats
  3 giant cockroaches
  9 goblins
  17 hobgoblins
  4 kobolds
  5 frilled lizards
  8 rats
81 creatures vanquished.

Notes
Turn   | Place    | Note
-------+----------+-------------------------------------------
     0 | D:1      | halkony2012 the Minotaur Berserker began the quest for the
                  | Orb.
     0 | D:1      | Reached XP level 1. HP: 19/19 MP: 0/0
    81 | D:1      | Reached skill level 4 in Maces & Flails
    81 | D:1      | Reached XP level 2. HP: 12/27 MP: 1/1
   691 | D:1      | Reached XP level 3. HP: 33/33 MP: 2/2
  1176 | D:2      | Lost intelligence.
  1514 | D:2      | Reached skill level 5 in Maces & Flails
  1619 | D:2      | Reached XP level 4. HP: 37/41 MP: 3/3
  1766 | D:2      | Found a white marble altar of Elyvilon.
  2186 | D:3      | Reached ** piety under Trog
  2186 | D:3      | Reached skill level 6 in Maces & Flails
  2186 | D:3      | Reached XP level 5. HP: 47/47 MP: 4/4
  2792 | D:2      | Reached skill level 7 in Maces & Flails
  3492 | D:3      | Reached XP level 6. HP: 53/53 MP: 5/5
  3494 | D:3      | Quit the game

Illustrated notes

Levels and vault maps discovered:
D:1:      minmay_arrival_radiant_lines, layout_basic
D:2:      layout_loops_corners, elyvilon_altar_3, kennysheep_generic_room_15
D:3:      minmay_chambers_of_threes, layout_loops_ring, grunt_ministairs_7

Skill      XL: |  1  2  3  4  5 |
---------------+----------------+-----
Maces & Flails | 4 5 6 7 |  7.5
Fighting       | 4 |  4.3
Armour         | |  2.6
Dodging        | |  2.4

Action                   |  1- 3 |  4- 6 || total
-------------------------+-------+-------++-------
Melee: Mace              |    76 |    93 ||   169
       Headbutt          |     8 |    19 ||    27
Invok: Berserk           |     3 |     2 ||     5
       Trog's Hand       |       |     1 ||     1
  Use: Potion            |       |     1 ||     1
Armor: Animal skin       |     7 |       ||     7
       Ring mail         |    22 |    63 ||    85
       Plate armour      |       |    21 ||    21
Dodge: Dodged            |    55 |    76 ||   131

Table legend: (Time is in decaauts)
 A = Elapsed time spent in this place.
 B = Non-inter-level travel time spent in this place.
 C = Inter-level travel time spent in this place.
 D = Time resting spent in this place.
 E = Time spent auto-exploring this place.
 F = Levels seen in this place.
 G = Mean time per level.
                   A        B        C        D        E       F      G
               +--------+--------+--------+--------+--------+-----+--------+
         Total |   4707 |   4420 |    287 |   1337 |   2401 |   3 | 1569.0 |
       Dungeon |   4707 |   4420 |    287 |   1337 |   2401 |   3 | 1569.0 |
               +--------+--------+--------+--------+--------+-----+--------+

Top non-repeatable levels by time:
     D:2: 2105 daAuts
     D:3: 1527 daAuts
     D:1: 1074 daAuts
